 Dungeon Crawl Stone Soup version 0.28.0 (webtiles) character file.

Game seed: 279142265202921109

4 Hasart the Shield-Bearer (level 1, -4/18 HPs)
             Began as a Demigod Fighter on Feb 9, 2022.
             Slain by a kobold (5 damage)
             ... on level 1 of the Dungeon.
             The game lasted 00:00:26 (150 turns).

Hasart the Shield-Bearer (Demigod Fighter)           Turns: 150, Time: 00:00:26

Health: -4/18      AC:  6    Str: 17    XL:     1   Next: 46%
Magic:  3/3        EV:  9    Int: 10    God:
Gold:   0          SH:  4    Dex: 13    Spells: 0/0 levels left

rFire   . . .      SeeInvis .   a - +0 flail
rCold   . . .      Faith    .   c - +0 buckler
rNeg    . . .      Spirit   .   b - +0 scale mail
rPois   .          Reflect  .   (no helmet)
rElec   .          Harm     .   (no cloak)
rCorr   .          Rampage  .   (no gloves)
Will    .....                   (no boots)
Stlth   ..........              (no amulet)
HPRegen 0.06/turn               (no ring)
MPRegen 0.08/turn               (no ring)

@: no status effects
A: high MP 1, forlorn, divine attributes
a: no special abilities


You were on level 1 of the Dungeon.
You visited 1 branch of the dungeon, and saw 1 of its levels.

Inventory:

Hand Weapons
 a - a +0 flail (weapon)
Armour
 b - a +0 scale mail (worn)
 c - a +0 buckler (worn)
Potions
 d - a potion of might


   Skills:
 + Level 2.7 Fighting
 * Level 1.9 Maces & Flails
 + Level 2.7 Armour
 + Level 0.2 Dodging
 + Level 2.7 Shields


You couldn't memorise any spells.
You didn't know any spells.
Your spell library contained the following spells:

 Spells                   Type           Power      Damage    Failure   Level
 Freeze                   Ice            0%         1d3       86%         1
 Frozen Ramparts          Ice            0%         1d2       99%         3
 Hailstorm                Conj/Ice       0%         3d3       100%        4


Dungeon Overview and Level Annotations

Branches:
Dungeon (1/15)


Innate Abilities, Weirdness & Mutations

You have an increased reservoir of magic. (+10% MP)
You shall have no god before yourself.
Your divine heritage dramatically boosts your attributes as you level up.


Message History

The kobold closely misses you.
You barely miss the kobold.
The kobold is moderately wounded.
The kobold hits you with a +0 short sword.
The kobold hits you but does no damage.
You closely miss the kobold.
The kobold is moderately wounded.
The kobold hits you with a +0 short sword.
You barely miss the kobold.
The kobold is moderately wounded.
You hit the kobold.
The kobold is severely wounded.
The kobold splashes around in the water.
The kobold hits you but does no damage.
The kobold hits you with a +0 short sword.
The kobold hits you but does no damage.
You closely miss the kobold.
The kobold is severely wounded.
The kobold barely misses you.
The kobold splashes around in the water.
You block the kobold's attack. x2
You barely miss the kobold.
The kobold is severely wounded.
You block the kobold's attack. The kobold closely misses you.
The kobold barely misses you. The kobold hits you but does no damage.
You hit the kobold but do no damage.
The kobold is severely wounded.
You block the kobold's attack. x2
The kobold splashes around in the water.
The kobold hits you but does no damage.
A ball python comes into view.
The ball python hisses angrily.
You sock the kobold!
You kill the kobold!
The kobold hits you with a +0 short sword.
* * * LOW HITPOINT WARNING * * *
The kobold hits you with a +0 short sword.
* * * LOW HITPOINT WARNING * * *
The kobold hits you with a +0 short sword.
You die...

....#.....≈≈≈+ +...
.#..#.....≈≈≈#+###.#####
...........≈≈≈≈#...#...#
.........⌠..≈≈≈'.⌠.'...#
^.......)⌠..≈≈≈'.⌠.'.<.#
.?$≈≈......≈≈≈≈#...#...# .
..$_≈.....≈≈≈#'#'#.#####.#
..≈≈$.....≈≈≈'...#.......#
#.......)@≈≈≈'...##†###'##
#........KK≈≈#'#'#≈≈≈≈≈≈≈#
#..#......≈≈≈≈≈≈≈≈≈≈≈≈≈≈≈≈
#.........≈≈≈≈≈≈≈≈≈≈≈≈≈≈≈≈
#.......≈≈≈≈≈≈≈≈KK≈≈≈≈≈≈
#.......................
#....S..................
##......##..##r##.......
... ##. .# ...


You could see a quokka (wandering), a ball python and 2 kobolds.

Vanquished Creatures
  A goblin (D:1)
  A quokka (D:1)
  A bat (D:1)
  2 frilled lizards (D:1)
  A kobold (D:1)
6 creatures vanquished.

Notes
Turn   | Place    | Note
-------+----------+-------------------------------------------
     0 | D:1      | Hasart the Demigod Fighter began the quest for the Orb.
     0 | D:1      | Reached XP level 1. HP: 18/18 MP: 3/3
   150 | D:1      | Slain by a kobold

Illustrated notes

Levels and vault maps discovered:
D:1:      dpeg_arrival_castle, layout_rooms,
          hellmonk_ecumenical_altar_pennies_from_heaven, chequers_avenue

Action                   || total
-------------------------++-------
Melee: Flail             ||    27
Armor: Scale mail        ||    24
Dodge: Dodged            ||    23
Block: Buckler           ||    17
